[Event "*** SCC Grand Prix: Titled Tuesday Blitz"]
[Site "Chess.com"]
[Date "2020.06.02"]
[Round "6"]
[White "Biranidun"]
[Black "Vaathi_Coming"]
[Result "0-1"]
[WhiteElo "2706"]
[BlackElo "2868"]
[TimeControl "180+1"]
[EndTime "11:08:50 PDT"]
[Termination "Vaathi_Coming won on time"]

1. e4 c5 2. Nf3 Nc6 3. d4 cxd4 4. Nxd4 Nf6 5. Nc3 e5 6. Ndb5 d6 7. Bg5 a6 8. Na3 b5 9. Nd5 Be7 10. Bxf6 gxf6 11. c4 f5 12. cxb5 Nd4 13. b6 O-O 14.
exf5 Bxf5 15. Bd3 Be6 16. Qh5 f5 17. Nc7 Bf7 18. Qh3 Rb8 19. Bxf5 Nxf5 20. Qxf5 Rxb6 21. Ne6 Qc8 22. Qg4+ Bg6 23. h3 Rxb2 24. O-O Rf6 25. Ng5 Qxg4 26. hxg4 d5 27. Nb1 Rc6 28. Nf3 e4 29.
Ne5 Rcc2 30. a4 Bc5 31. Na3 Rxf2 32. Rxf2 Rxf2 33. Kh2 Bd6 34. Kg1 Bxe5 35. Rb1 Ra2 0-1

[Event "*** SCC Grand Prix: Titled Tuesday Blitz"]
[Site "Chess.com"]
[Date "2020.06.02"]
[Round "6"]
[White "Alexey_Spirin"]
[Black "Kapibara_Warri0r"]
[Result "1-0"]
[WhiteElo "2015"]
[BlackElo "2114"]
[TimeControl "180+1"]
[EndTime "11:08:50 PDT"]
[Termination "Alexey_Spirin won by checkmate"]

1. e4 e5 2. Nf3 Nc6 3. Bc4 Nf6 4.
d3 Be7 5. O-O O-O 6. Re1 d6 7.
Bb3 Kh8 8. c3 Ng8 9. d4 Bg4 10.
dxe5 Nxe5 11. Nbd2 f5 12. exf5 Rxf5 13. Be6 Bxf3 14. Nxf3 Nxf3+ 15. gxf3 Rf6 16. Qd3 Rg6+ 17. Kh1 Nh6 18. Bf4 Bg5 19. Bg3 Qf6 20. Bd5 Nf5 21. Be4 Nxg3+ 22. fxg3 Rh6 23. Kg2 c6 24. f4 Bxf4 25. Rf1 Qe5 26. Rxf4 d5 27. Bf3 Re8 28.
Rf1 Qe6 29. Bg4 Qd6 30. Rf7 Qc5 31. Qd4 Qd6 32. Qxg7# 1-0

[Event "*** SCC Grand Prix: Titled Tuesday Blitz"]
[Site "Chess.com"]
[Date "2020.06.02"]
[Round "6"]
[White "DanielTitichoca"]
[Black "jerry_77"]
[Result "1-0"]
[WhiteElo "2322"]
[BlackElo "2462"]
[TimeControl "180+1"]
[EndTime "11:08:51 PDT"]
[Termination "DanielTitichoca won by resignation"]

1. c4 Nf6 2. g3 e6 3. Bg2 d5 4.
Nf3 Be7 5. O-O O-O 6. b3 d4 7. Bb2 c5 8. e3 Nc6 9. exd4 cxd4 10.
Re1 Re8 11. Ne5 Nxe5 12. Rxe5 Nd7 13. Re1 e5 14. d3 Bf8 15. Na3 a5 16. Nb5 Ra6 17. a3 Nf6 18. h3 g6 19. Qe2 Bg7 20. g4 Rae6 21. Qc2 Nd7 22. b4 axb4 23. axb4 Kh8 24. c5 Nb8 25. Nd6 Rxd6 26. cxd6 Qxd6 27. b5 Bd7 28. Ba3 Qf6 29. Qc4 Rc8 30. Qd5 b6 31. Bd6 Qe6 32. Bxe5 Qxd5 33. Bxg7+ Kxg7 34. Bxd5 Bxb5 35. Rab1 Bxd3 36. Rxb6 Rd8 37. Ba2 Ba6 38. Re7 d3 39. Rxf7+ Kh8 40. Rbf6 Nd7 41. Rd6 Bb5 42. Be6 1-0

[Event "*** SCC Grand Prix: Titled Tuesday Blitz"]
[Site "Chess.com"]
[Date "2020.06.02"]
[Round "6"]
[White "Playgood28"]
[Black "louis198"]
[Result "0-1"]
[WhiteElo "2298"]
[BlackElo "2465"]
[TimeControl "180+1"]
[EndTime "11:08:51 PDT"]
[Termination "louis198 won by resignation"]

1. d4 Nf6 2. c4 c5 3. d5 b5 4. Qc2 bxc4 5. e4 d6 6. Bxc4 g6 7. Nf3 Bg7 8. O-O O-O 9. h3 Ba6 10. Na3 Nfd7 11. Re1 Nb6 12. Be2 Bxe2 13. Rxe2 N8d7 14.
Bf4 Rb8 15. Rd1 h6 16. e5 dxe5 17. Nxe5 Nxe5 18. Bxe5 Bxe5 19. Rxe5 Qd6 20. Qe2 Rb7 21. b3 a5 22. Nb5 Qf6 23. a4 c4 24. bxc4 Nxc4 25.
Re4 Nd6 26. Nxd6 exd6 27. Qd2 Rb2 28. Qe3 Rc8 29. Rf4 Qg5 30. Qf3 Rc7 31. h4 Qd8 32.
h5 g5 33. Rf6 Kg7 34. Qf5 Qxf6 0-1

[Event "*** SCC Grand Prix: Titled Tuesday Blitz"]
[Site "Chess.com"]
[Date "2020.06.02"]
[Round "6"]
[White "Mbneu"]
[Black "KejJaj"]
[Result "0-1"]
[WhiteElo "2227"]
[BlackElo "2064"]
[TimeControl "180+1"]
[EndTime "11:08:51 PDT"]
[Termination "KejJaj won by resignation"]

1. d4 f5 2. e4 fxe4 3. Nc3 Nf6 4.
f3 d5 5. Bg5 Bf5 6. Nge2 e6 7.
Ng3 Nc6 8. fxe4 dxe4 9. d5 Nb4 10. Nxf5 exf5 11. Bxf6 Qxf6 12. a3 Na6 13. Bb5+ Kf7 14. O-O Bc5+ 15. Kh1 g6 16. Nxe4 Qe7 17. Ng3 Rhf8 18.
b4 Bd6 19. Qd3 Kg8 20. Rae1 Qh4 21. Re6 Nb8 22. Rfe1 a6 23. Ba4 b5 24. Bb3 Nd7 25.
Nf1 Nf6 26. g3 Qh3 27. c4 Ng4 28. Qf3 bxc4 29. Bxc4 Qh6 30. Bd3 Qh5 31. Qg2 Qh6 32. Be2 Qg5 33. Bxg4 Qxg4 34. h3 Qc4 35. Ne3 Qb3 36. g4 Qc3 37. gxf5 Qxe1+ 38. Qg1 Qxg1+ 39. Kxg1 gxf5 0-1

[Event "*** SCC Grand Prix: Titled Tuesday Blitz"]
[Site "Chess.com"]
[Date "2020.06.02"]
[Round "6"]
[White "OnePeculiarConundrum"]
[Black "Ariadna_Atreides"]
[Result "1-0"]
[WhiteElo "2241"]
[BlackElo "2034"]
[TimeControl "180+1"]
[EndTime "11:08:51 PDT"]
[Termination "OnePeculiarConundrum won by resignation"]

1. e4 c5 2. Nf3 d6 3. d4 cxd4 4. Qxd4 Nf6 5. Bg5 Nc6 6. Bb5 Bd7 7. Bxc6 Bxc6 8. Bxf6 gxf6 9. O-O Rg8 10. c4 Qc7 11. Nc3 a6 12. Rac1 f5 13. Nd5 Bxd5 14. cxd5 Qd7 15.
Kh1 Bg7 16. e5 dxe5 17. Nxe5 Bxe5 18. Qxe5 Rc8 19. Rxc8+ Qxc8 20. d6 Qe6 21. d7+ Qxd7 22. Qb8+ Qd8 23. Qxb7 f6 24. Qxa6 Qd5 25. f3 Qd2 26.
Rg1 Qxb2 27. Qe6 Rg5 28. a4 f4 29. Qc8+ Kf7 30. Qc4+ Kg7 31. Qxf4 Qa2 32. h4 Rf5 33. Qxf5 1-0

[Event "*** SCC Grand Prix: Titled Tuesday Blitz"]
[Site "Chess.com"]
[Date "2020.06.02"]
[Round "6"]
[White "tomasdanada"]
[Black "Michaelson_11"]
[Result "0-1"]
[WhiteElo "2220"]
[BlackElo "2017"]
[TimeControl "180+1"]
[EndTime "11:08:51 PDT"]
[Termination "Michaelson_11 won on time"]

1. d4 Nf6 2. c4 e6 3. Nc3 Bb4 4. e3 d5 5. Nf3 O-O 6. Bd2 b6 7.
Rc1 Bb7 8. cxd5 exd5 9. Bd3 Be7 10. O-O c5 11. Ne5 Nbd7 12. f4 Ne4 13. Be1 f6 14.
Nxd7 Qxd7 15. f5 Rac8 16. Qf3 Ng5 17. Qg4 cxd4 18. exd4 Bd6 19. h4 Nf7 20. Bd2 Kh8 21.
Rce1 a6 22. Re6 Rce8 23. Rfe1 Nd8 24. R6e3 Rxe3 25. Rxe3 Re8 26. Rh3 Nf7 0-1

[Event "*** SCC Grand Prix: Titled Tuesday Blitz"]
[Site "Chess.com"]
[Date "2020.06.02"]
[Round "6"]
[White "Funo09"]
[Black "zaur-mammadov"]
[Result "1-0"]
[WhiteElo "2789"]
[BlackElo "2600"]
[TimeControl "180+1"]
[EndTime "11:08:52 PDT"]
[Termination "Funo09 won by resignation"]

1. e4 e6 2. Nc3 d5 3. d4 Nf6 4. Bg5 Be7 5. e5 Nfd7 6. h4 O-O 7. Nh3 c5 8. Bd3 f6 9. exf6 Bxf6 10. Qh5 g6 11. Bxg6 hxg6 12. Qxg6+ Kh8 13. Nf4 Qe7 14. Qh6+ Kg8 15. Ng6 Qg7 16. Nxf8 Kxf8 17. Nb5 Na6 18. O-O-O Qxh6 19. Bxh6+ Kf7 20. g4 Bxd4 21. Nxd4 cxd4 22. Rxd4 Nf6 23. f3 e5 24. Rd2 Be6 25. h5 Nc5 26. g5 Nfd7 27. g6+ Kf6 28. Rg2 Rg8 29. Bg5+ Kg7 30. Be3 Kf6 31. h6 Nf8 32. h7 Nxh7 33. gxh7 1-0

[Event "*** SCC Grand Prix: Titled Tuesday Blitz"]
[Site "Chess.com"]
[Date "2020.06.02"]
[Round "6"]
[White "rynos0411"]
[Black "Vandros57"]
[Result "1-0"]
[WhiteElo "2438"]
[BlackElo "2230"]
[TimeControl "180+1"]
[EndTime "11:08:52 PDT"]
[Termination "rynos0411 won by resignation"]

1. d4 Nf6 2. c4 e6 3. Nf3 Bb4+ 4. Nbd2 d5 5. e3 O-O 6. a3 Bxd2+ 7. Qxd2 b6 8. Bd3 Bb7 9. cxd5 exd5 10. O-O Nbd7 11.
b4 a5 12. b5 Ne4 13. Qc2 Rc8 14. Bb2 f6 15. Rac1 Re8 16. Rfd1 h6 17. Nd2 Kh8 18. f3 Nxd2 19. Qxd2 c6 20. bxc6 Rxc6 21. Rxc6 Bxc6 22. Rc1 Qa8 23. Bg6 Rc8 24. Bf5 Ba4 25.
Kf2 Qb7 26. e4 Rxc1 27. Qxc1 Qc6 28. Qxc6 Bxc6 29. exd5 Ba4 30. Bc1 Kg8 31. Bf4 g5 32. Bd6 Kf7 33. Ke3 Nf8 34. Bc7 Nd7 35. f4 Ke7 36.
d6+ Kf7 37. fxg5 fxg5 38. Bg4 Nf6 39. Bf3 Ke6 40. Bxb6 Kxd6 41. Bxa5 Nd5+ 42. Kf2 Bb3 43. Kg3 Nf4 44. h4 Be6 45. hxg5 hxg5 46. Bd8 Bd5 47. Bxg5 Bxf3 48. Bxf4+ Kd5 49. Kxf3 1-0

[Event "*** SCC Grand Prix: Titled Tuesday Blitz"]
[Site "Chess.com"]
[Date "2020.06.02"]
[Round "6"]
[White "Berant"]
[Black "stoleriu"]
[Result "0-1"]
[WhiteElo "2323"]
[BlackElo "2539"]
[TimeControl "180+1"]
[EndTime "11:08:54 PDT"]
[Termination "stoleriu won by resignation"]

1. e4 e6 2. d4 d5 3. Nd2 Be7 4.
Bd3 c5 5. exd5 Qxd5 6. Ngf3 cxd4 7. Bc4 Qc5 8. Qe2 Nf6 9. Nb3 Qc7 10. Nbxd4 a6 11.
O-O O-O 12. Bg5 b5 13. Bd3 Bb7 14. Rfe1 Kh8 15. Nf5 Bd8 16. Ng3 Nbd7 17. Rad1 Rc8 18. c3 Nd5 19. Bxd8 Rcxd8 20. Ng5 N7f6 21. Nh5 h6 22. Nxf6 Nxf6 23. Ne4 Rxd3 24. Rxd3 Bxe4 25. Rg3 Rd8 26. Qe3 Bf5 27. h3 Nd5 28. Qd4 Nf6 29. Qb4 Qd6 30. Qa5 Kh7 31. a4 bxa4 32. Qxa4 Qd2 33. Rge3 Nd5 34. R3e2 Qg5 35. Qa5 Bxh3 36. f4 Nxf4 37. Rf2 Qxa5 0-1

[Event "*** SCC Grand Prix: Titled Tuesday Blitz"]
[Site "Chess.com"]
[Date "2020.06.02"]
[Round "6"]
[White "Mikasinski"]
[Black "monalize"]
[Result "1-0"]
[WhiteElo "2466"]
[BlackElo "2286"]
[TimeControl "180+1"]
[EndTime "11:08:55 PDT"]
[Termination "Mikasinski won on time"]

1. e4 c5 2. Nf3 d6 3. d4 cxd4 4. Nxd4 Nf6 5. Nc3 a6 6. Be2 e6 7.
O-O Qc7 8. f4 b5 9. Bf3 Bb7 10.
e5 dxe5 11. fxe5 Nfd7 12. Bxb7 Qxb7 13. Bf4 Bc5 14. Kh1 O-O 15. Nb3 Bb6 16. Qg4 Kh8 17. Rad1 Nc6 18. Qf3 Qc7 19. Rfe1 Ndxe5 20. Qg3 f6 21. h4 Rad8 22. Ne4 Qe7 23. h5 h6 24.
c3 Rxd1 25. Rxd1 Rd8 26. Rf1 Rd5 27. Qh4 Nd3 28. Bxh6 gxh6 29. Rxf6 1-0

[Event "*** SCC Grand Prix: Titled Tuesday Blitz"]
[Site "Chess.com"]
[Date "2020.06.02"]
[Round "6"]
[White "jefferyx"]
[Black "Dedic8"]
[Result "0-1"]
[WhiteElo "2915"]
[BlackElo "2733"]
[TimeControl "180+1"]
[EndTime "11:08:56 PDT"]
[Termination "Dedic8 won on time"]

1. c4 e5 2. Nc3 Bb4 3. Qc2 Nf6 4. e3 O-O 5. Nge2 Re8 6. a3 Bf8 7. Ng3 d5 8. cxd5 Nxd5 9. Be2 Be6 10. b4 a5 11. b5 c5 12. Bb2 Nd7 13. O-O Rc8 14.
Rad1 N7b6 15. Bd3 Qh4 16. Bf5 Rcd8 17. Nce4 Bxf5 18. Nxf5 Qh5 19. Nfg3 Qg6 20. Rc1 c4 21. Nc3 Qxc2 22. Rxc2 Nc7 23. Rb1 Rd3 24. Kf1 f5 25. Nxf5 Red8 26. Ke2 Bc5 27. Ng3 Ncd5 28. Nge4 Be7 29.
Nxd5 R8xd5 30. Bc3 a4 31. Ba5 Nd7 32. Rxc4 Rxa3 33.
Rc7 Nc5 34. Nc3 Rd7 35. b6 Rb3 36. Ra1 a3 0-1

[Event "*** SCC Grand Prix: Titled Tuesday Blitz"]
[Site "Chess.com"]
[Date "2020.06.02"]
[Round "6"]
[White "EvgenyRomanov"]
[Black "Jumbo"]
[Result "0-1"]
[WhiteElo "2666"]
[BlackElo "2843"]
[TimeControl "180+1"]
[EndTime "11:08:56 PDT"]
[Termination "Jumbo won by resignation"]

1. d4 e6 2. Nf3 Nf6 3. Bg5 d5 4. e3 Nbd7 5. Bd3 Be7 6. Nbd2 c5 7. c3 a6 8. a4 Qc7 9. O-O b6 10. Qb1 Bb7 11. b4 a5 12. Bf4 Qc8 13. bxc5 bxc5 14.
h3 O-O 15. Qb2 Ba6 16. Bxa6 Qxa6 17. Rab1 cxd4 18. cxd4 Bb4 19. Rfc1 Rfc8 20. Rxc8+ Rxc8 21. Rc1 Nb6 22. Rxc8+ Qxc8 23. Qb3 Qc6 24. Ne5 Qxa4 25. Qxa4 Nxa4 26. Nb3 Nc3 27. Nc6 a4 28. Na1 Bf8 29.
Kf1 Nfe4 30. Ke1 Nb5 31. f3 Ned6 32. Kd2 Nc4+ 33. Kd3 Ba3 34. Bg3 Kf8 35. Be1 Ke8 36.
Bb4 Bb2 37. Nc2 a3 38. Na5 Nxa5 39. Bxa5 a2 0-1

[Event "*** SCC Grand Prix: Titled Tuesday Blitz"]
[Site "Chess.com"]
[Date "2020.06.02"]
[Round "6"]
[White "BogdanBelyakov89"]
[Black "chessfrendz"]
[Result "1-0"]
[WhiteElo "2646"]
[BlackElo "2405"]
[TimeControl "180+1"]
[EndTime "11:08:56 PDT"]
[Termination "BogdanBelyakov89 won on time"]

1. e4 d5 2. exd5 Qxd5 3. Nc3 Qd6 4. Nf3 c6 5. h3 Nf6 6. d4 Bf5 7. Bc4 e6 8. O-O Nbd7 9. a4 Nd5 10. a5 Nxc3 11.
bxc3 Qc7 12. Nh4 Be4 13. Re1 Bd5 14. Bd3 Be7 15. Nf3 O-O 16. Ng5 Bxg5 17. Bxg5 b5 18. axb6 axb6 19. Rxa8 Rxa8 20. c4 Bxg2 21. Kxg2 Ra5 22.
Bd2 Ra8 23. Qf3 g6 24. Bc3 Rc8 25. h4 Qd8 26. Rh1 h5 27. Bd2 c5 28. Bg5 Qf8 29. c3 cxd4 30. cxd4 Qa3 31. Rc1 Rc7 32. Be4 Qb2 33. Qc3 Qxc3 34. Rxc3 e5 35. dxe5 1-0

[Event "*** SCC Grand Prix: Titled Tuesday Blitz"]
[Site "Chess.com"]
[Date "2020.06.02"]
[Round "6"]
[White "kingnb"]
[Black "Fandorine"]
[Result "1-0"]
[WhiteElo "2578"]
[BlackElo "2894"]
[TimeControl "180+1"]
[EndTime "11:08:57 PDT"]
[Termination "kingnb won by resignation"]

1. e4 c5 2. Nf3 d6 3. Nc3 Nf6 4.
e5 dxe5 5. Nxe5 a6 6. a4 Nbd7 7. Nc4 b6 8. Be2 Bb7 9. Bf3 Qc8 10. d3 g6 11. O-O e6 12. Re1 Be7 13. Bh6 Ra7 14. Bg7 Rg8 15. Bxf6 Nxf6 16. Nxb6 Qb8 17. a5 h5 18. Ra4 g5 19. Bxb7 Rxb7 20. Ne4 g4 21.
Rc4 Rg6 22. Nxc5 Bxc5 23. Rxc5 Rc7 24. d4 h4 25. Qe2 h3 26. Qxa6 Ke7 27. Nc8+ Rxc8 28.
Qxc8 Qxb2 29. Rc7+ Kd6 30. Qd8+ 1-0

[Event "*** SCC Grand Prix: Titled Tuesday Blitz"]
[Site "Chess.com"]
[Date "2020.06.02"]
[Round "6"]
[White "gmcorrales"]
[Black "Malysch"]
[Result "1-0"]
[WhiteElo "2769"]
[BlackElo "2527"]
[TimeControl "180+1"]
[EndTime "11:08:57 PDT"]
[Termination "gmcorrales won on time"]

1. e4 Nf6 2. e5 Nd5 3. d4 d6 4. c4 Nb6 5. exd6 exd6 6. Nc3 Be7 7.
Bd3 Nc6 8. Nge2 Bg4 9. Be3 Bf6 10. f3 Bh5 11. Nf4 Bg6 12. Nxg6 hxg6 13. Be2 d5 14. c5 Nc4 15. Bxc4 dxc4 16. Qd2 Nxd4 17. O-O-O Ne6 18. Qc2 Qe7 19. Nd5 Qd8 20. Nb6 axb6 21. Rxd8+ Kxd8 22. Qxc4 bxc5 23. Bxc5 Rh4 24. Qd5+ Kc8 25. Rd1 Rh8 26.
Qd7+ Kb8 27. Be3 Rxa2 28. Rd2 Ra1+ 29. Kc2 Ra2 30. Kb1 Ra6 31. Qxf7 Rc8 32. Qxg6 1-0

[Event "*** SCC Grand Prix: Titled Tuesday Blitz"]
[Site "Chess.com"]
[Date "2020.06.02"]
[Round "6"]
[White "TrenerChos"]
[Black "tsaruk_maks"]
[Result "1-0"]
[WhiteElo "2367"]
[BlackElo "2595"]
[TimeControl "180+1"]
[EndTime "11:08:57 PDT"]
[Termination "TrenerChos won on time"]

1. e4 c6 2. d4 d5 3. e5 Bf5 4. Nf3 e6 5. Be2 Nd7 6. O-O h6 7. Be3 Ne7 8. Nbd2 Bh7 9. g4 Qc7 10. Kg2 g5 11. h3 Bg7 12. a4 f6 13. exf6 Bxf6 14. c4 O-O-O 15. a5 e5 16. a6 b6 17.
Rc1 Kb8 18. dxe5 Nxe5 19. cxd5 Nxd5 20. Nd4 Nxe3+ 21. fxe3 Qe7 22. Rxc6 Rxd4 23. Rcxf6 Be4+ 24. Kg1 Rd7 25. Qe1 Ba8 26. Nc4 Rc7 27. Qg3 Nxc4 28.
Bxc4 Re8 29. Re6 Qd8 30. Rxe8 Qxe8 31. Rf7 Qd8 32. Rg7 Bc6 33. Rg8 Be8 34. Qe5 Qd1+ 35. Bf1 1-0

[Event "*** SCC Grand Prix: Titled Tuesday Blitz"]
[Site "Chess.com"]
[Date "2020.06.02"]
[Round "6"]
[White "KNVB"]
[Black "doons21"]
[Result "1-0"]
[WhiteElo "2682"]
[BlackElo "2489"]
[TimeControl "180+1"]
[EndTime "11:08:58 PDT"]
[Termination "KNVB won by checkmate"]

1. e4 e6 2. Nf3 d5 3. e5 c5 4. b4 cxb4 5. a3 Nc6 6. axb4 Bxb4 7. c3 Be7 8. d4 Bd7 9. Bd3 a6 10. h4 h6 11. h5 Rc8 12. Na3 Na5 13. Bd2 Nc4 14.
Nxc4 dxc4 15. Be4 Bc6 16. Qb1 Qd7 17. Rh3 Bf8 18. Bc1 Ne7 19. Nd2 Bxe4 20. Nxe4 Nd5 21.
Rg3 Rc6 22. Ba3 Nf4 23. Bxf8 Kxf8 24. Kf1 b5 25. Rf3 Nd5 26. Nc5 Qa7 27. Qxb5 axb5 28. Rxa7 Rc8 29. Rfxf7+ Ke8 30. Nxe6 b4 31. Nxg7+ Kd8 32.
Rad7# 1-0

[Event "*** SCC Grand Prix: Titled Tuesday Blitz"]
[Site "Chess.com"]
[Date "2020.06.02"]
[Round "6"]
[White "PlayChessSimple"]
[Black "CalinGheorghiu"]
[Result "1-0"]
[WhiteElo "2520"]
[BlackElo "2315"]
[TimeControl "180+1"]
[EndTime "11:08:58 PDT"]
[Termination "PlayChessSimple won by resignation"]

1. e4 c5 2. Nf3 d6 3. c3 Nf6 4.
h3 g6 5. Bd3 Bg7 6. Bc2 O-O 7.
d4 cxd4 8. cxd4 d5 9. e5 Ne4 10. Nc3 Nxc3 11. bxc3 Qc7 12. Bd2 Nc6 13. O-O Na5 14.
Rc1 Nc4 15. Bg5 Re8 16. Re1 Bd7 17. Nh2 f6 18. e6 fxg5 19. exd7 Qxd7 20. Ng4 Rf8 21. Qd3 Rac8 22. Re2 Nd6 23. Bb3 Nb5 24. Ne5 Bxe5 25. Rxe5 e6 26. Rxg5 Nd6 27. Re1 Ne4 28. Rxe4 dxe4 29. Qxe4 Rf6 30. Re5 Qc6 31. d5 Qxc3 32.
dxe6 Qc1+ 33. Kh2 Kg7 34. e7 Re8 35. Ba4 b5 36. Bxb5 Rb8 37. e8=Q Rxe8 38. Bxe8 Qc7 39.
f4 Rf8 1-0

[Event "*** SCC Grand Prix: Titled Tuesday Blitz"]
[Site "Chess.com"]
[Date "2020.06.02"]
[Round "6"]
[White "r31415"]
[Black "MacDaddyMac"]
[Result "0-1"]
[WhiteElo "2427"]
[BlackElo "2284"]
[TimeControl "180+1"]
[EndTime "11:08:58 PDT"]
[Termination "MacDaddyMac won on time"]

1. d4 e6 2. c4 d5 3. Nf3 Nf6 4. Bg5 Be7 5. e3 b6 6. Nbd2 Nbd7 7. Bd3 Bb7 8. O-O h6 9. Bh4 O-O 10. Qc2 Rc8 11. cxd5 exd5 12. Ne5 c5 13. Nxd7 Nxd7 14. Bxe7 Qxe7 15. dxc5 bxc5 16. Rac1 g6 17. Rfd1 Ne5 18. Be2 Rfd8 19. Nb3 d4 20. exd4 cxd4 21. Qd2 d3 22.
Bf1 Nc4 23. Qxh6 Nxb2 24. Re1 Qf6 25. Qd2 Nc4 26. Qc3 Qc6 27. Red1 d2 28. Nxd2 Nxd2 29. Rxd2 Rxd2 0-1

[Event "*** SCC Grand Prix: Titled Tuesday Blitz"]
[Site "Chess.com"]
[Date "2020.06.02"]
[Round "6"]
[White "pastouche06"]
[Black "KerryStead"]
[Result "1-0"]
[WhiteElo "2490"]
[BlackElo "2085"]
[TimeControl "180+1"]
[EndTime "11:08:58 PDT"]
[Termination "pastouche06 won on time"]

1. d4 c5 2. d5 e5 3. Nc3 d6 4. e4 a6 5. a4 f5 6. exf5 Bxf5 7.
Bd3 Bxd3 8. Qxd3 Nf6 9. Nge2 Be7 10. Ng3 g6 11. O-O Nbd7 12. f4 O-O 13. f5 Kg7 14.
Qd2 Ng8 15. Nce4 Rc8 16. c4 b6 17. Ra3 Rb8 18. Raf3 b5 19. axb5 axb5 20. b3 bxc4 21.
bxc4 Rb4 22. Qe2 Ndf6 23. Ng5 Qb8 24. Ne6+ Kh8 25. fxg6 hxg6 26. Nxf8 Qxf8 27. Ne4 Kg7 28. Ng5 Qb8 29. Ne6+ Kf7 30. Rh3 1-0

[Event "*** SCC Grand Prix: Titled Tuesday Blitz"]
[Site "Chess.com"]
[Date "2020.06.02"]
[Round "6"]
[White "Msb2"]
[Black "Grischuk"]
[Result "1/2-1/2"]
[WhiteElo "2845"]
[BlackElo "3109"]
[TimeControl "180+1"]
[EndTime "11:08:59 PDT"]
[Termination "Game drawn by repetition"]

1. d4 e6 2. c4 b6 3. e4 Bb4+ 4. Bd2 Bxd2+ 5. Qxd2 d5 6. Bd3 Nc6 7.
Nf3 dxe4 8. Bxe4 Bb7 9. Nc3 Nf6 10. Bxc6+ Bxc6 11. Ne5 Bb7 12. O-O-O O-O 13. h4 Nd7 14. Qe3 Nxe5 15. dxe5 Qe7 16. h5 h6 17. Rd4 Rad8 18. Rg4 Kh8 19. Rh3 f5 20. exf6 Qxf6 21. f3 e5 22. Rhg3 Rf7 23. Rg6 Qf4 24. Qxf4 exf4 25. R3g4 c5 26. Rh4 Kh7 27. Ne2 Rdf8 28. Rgg4 Re8 29.
Nxf4 Bc8 30. Rg3 Bf5 31. Kd2 Rd7+ 32. Nd5 Be6 33. f4 Bxd5 34. cxd5 Rxd5+ 35. Rd3 Red8 36. Rxd5 Rxd5+ 37. Ke3 Rd1 38. g4 Kg8 39. Rh2 Rg1 40. Kf3 Kf7 41. b3 Rf1+ 42. Ke4 Ke6 43. Rd2 Re1+ 44.
Kf3 Rf1+ 45. Ke4 Re1+ 46. Kf3 Rf1+ 47. Ke4 1/2-1/2

[Event "*** SCC Grand Prix: Titled Tuesday Blitz"]
[Site "Chess.com"]
[Date "2020.06.02"]
[Round "6"]
[White "GregShahade"]
[Black "InitiatingASC"]
[Result "0-1"]
[WhiteElo "2571"]
[BlackElo "2410"]
[TimeControl "180+1"]
[EndTime "11:08:59 PDT"]
[Termination "InitiatingASC won by checkmate"]

1. e4 c5 2. Nf3 Nc6 3. d4 cxd4 4.
Nxd4 Nf6 5. Nc3 e5 6. Ndb5 h6 7. Nd6+ Bxd6 8. Qxd6 Qe7 9. Qxe7+ Kxe7 10. Bd3 Rd8 11. O-O d6 12. a3 Be6 13. Re1 d5 14. exd5 Nxd5 15. Nxd5+ Rxd5 16. Be3 f5 17. Bc4 Rd7 18. Bc5+ Kf6 19. Bxe6 Kxe6 20. Rad1 Rad8 21. Rxd7 Rxd7 22. Be3 Rd5 23. Kf1 Nd4 24. Bxd4 Rxd4 25. Ke2 Re4+ 26. Kd2 Rxe1 27. Kxe1 Kd5 28. Kd2 Kd4 29.
b3 b5 30. c3+ Ke4 31. f3+ Kf4 32. Ke2 e4 33. g3+ Ke5 34. Ke3 exf3 35. Kxf3 g5 36. Ke3 Kd5 37. Kd3 Kc5 38. h4 a5 39. h5 a4 40.
bxa4 bxa4 41. c4 f4 42. gxf4 gxf4 43. Ke4 Kxc4 44. Kxf4 Kb3 45. Kf5 Kxa3 46. Kg6 Kb3 47. Kxh6 a3 48. Kg7 a2 49. h6 a1=Q+ 50. Kg8 Qa8+ 51.
Kg7 Qb7+ 52. Kg6 Qc8 53. Kg7 Qd7+ 54. Kg8 Qe6+ 55. Kg7 Qe5+ 56. Kg6 Qh8 57. h7 Kc4 58. Kh6 Kd5 59. Kg6 Ke6 60. Kh6 Kf5 61. Kh5 Qxh7# 0-1

[Event "*** SCC Grand Prix: Titled Tuesday Blitz"]
[Site "Chess.com"]
[Date "2020.06.02"]
[Round "6"]
[White "HunterBRR"]
[Black "frankshar"]
[Result "0-1"]
[WhiteElo "2027"]
[BlackElo "2370"]
[TimeControl "180+1"]
[EndTime "11:08:59 PDT"]
[Termination "frankshar won on time"]

1. d4 Nf6 2. c4 e6 3. Nf3 d5 4. Nc3 c6 5. Bg5 Nbd7 6. cxd5 exd5 7. e3 Qa5 8. Bxf6 Nxf6 9. Qc2 Bd6 10. Bd3 O-O 11.
O-O Bg4 12. Ne5 Bh5 13. a3 Qd8 14. b4 a6 15. Rab1 Bg6 16. Nxg6 hxg6 17. h3 Qe7 18.
Ne2 a5 19. b5 Bxa3 20. bxc6 bxc6 21. Qxc6 Rfc8 22. Qa4 Qd6 23. Rb7 Bb4 24. Qb5 Rab8 25. Rxb8 Rxb8 26. Qa4 Nd7 27. Rc1 Nb6 28. Qc6 Nc4 29.
Qxd6 Nxd6 30. Rc6 a4 31. Ra6 a3 32. Nc1 Nc4 33. Bxc4 dxc4 34. Na2 Be7 35. Rc6 Rb1+ 36.
Kh2 Rb2 37. Nc3 Bb4 38. Rc8+ Kh7 39. Rxc4 a2 0-1

[Event "*** SCC Grand Prix: Titled Tuesday Blitz"]
[Site "Chess.com"]
[Date "2020.06.02"]
[Round "6"]
[White "PauloCesarCosta_sad"]
[Black "dolynachess"]
[Result "1-0"]
[WhiteElo "2198"]
[BlackElo "2336"]
[TimeControl "180+1"]
[EndTime "11:08:59 PDT"]
[Termination "PauloCesarCosta_sad won on time"]

1. Nf3 Nf6 2. c4 c5 3. g3 Nc6 4. Bg2 g6 5. O-O Bg7 6. d4 cxd4 7. Nxd4 Nxd4 8. Qxd4 d6 9. Nc3 O-O 10. Qd3 a6 11. Bd2 Rb8 12. Rac1 b5 13. cxb5 axb5 14. Nxb5 Ba6 15. a4 Qb6 16. Bc6 Rfc8 17. Qf3 d5 18.
Be3 Qa5 19. Bf4 Rb6 20. Bc7 Rxc7 21. Nxc7 Bc4 22. Bb5 Bxb5 23. axb5 Ne4 24. Nxd5 Nd2 25. Rc8+ Bf8 26. Qf4 Kg7 27. Nxb6 Nxf1 28. Qd4+ f6 29. Kxf1 e5 30. Rc7+ Kh6 31. Qe3+ g5 32. Nd5 1-0

[Event "*** SCC Grand Prix: Titled Tuesday Blitz"]
[Site "Chess.com"]
[Date "2020.06.02"]
[Round "6"]
[White "Zufi1811"]
[Black "tan275"]
[Result "1-0"]
[WhiteElo "2460"]
[BlackElo "2195"]
[TimeControl "180+1"]
[EndTime "11:09:01 PDT"]
[Termination "Zufi1811 won by resignation"]

1. e4 c6 2. d4 d5 3. Nc3 dxe4 4. Nxe4 Bf5 5. Ng3 Bg6 6. h4 h6 7. Nf3 e6 8. Ne5 Bh7 9. Bd3 Bxd3 10. Qxd3 Nf6 11.
f4 Bd6 12. Be3 Nbd7 13. O-O-O Nd5 14. Bd2 O-O 15. Ne4 Be7 16. g4 c5 17. g5 h5 18. c4 Nb4 19. Bxb4 cxb4 20. Kb1 Rc8 21. Rhg1 Nxe5 22. fxe5 g6 23. Nf6+ Bxf6 24. gxf6 Kh7 25. Rg5 Kh6 26. Rdg1 Rg8 27. Qe3 Kh7 28. Qe4 Kh6 29. b3 Qf8 30. Qxb7 Rd8 31. Qxa7 Qe8 32. d5 exd5 33. Qe3 Kh7 34. Qd3 Kh6 35. cxd5 Qd7 36. e6 Qd6 37. exf7 1-0

[Event "*** SCC Grand Prix: Titled Tuesday Blitz"]
[Site "Chess.com"]
[Date "2020.06.02"]
[Round "6"]
[White "barbara25"]
[Black "oneshot007"]
[Result "0-1"]
[WhiteElo "2219"]
[BlackElo "2425"]
[TimeControl "180+1"]
[EndTime "11:09:01 PDT"]
[Termination "oneshot007 won by resignation"]

1. e4 g6 2. d4 Nf6 3. Nc3 d5 4. e5 Ne4 5. Bd3 Nxc3 6. bxc3 c5 7. h4 h5 8. Nf3 Nc6 9. Be3 Bg4 10. Be2 Qa5 11.
Qd2 e6 12. O-O Bxf3 13. Bxf3 cxd4 14. Bxd4 Nxd4 15. Qxd4 Rc8 16. Rab1 b6 17. Rb3 Be7 18. a4 Rc4 19. Qe3 Rxh4 20. g3 Rxa4 21. Bg2 h4 22. c4 Rxc4 23. c3 Rg4 24. Qf3 Qa4 25.
Rb4 Rxb4 26. cxb4 Qxb4 27. Ra1 hxg3 28. Qxg3 a5 29. Rc1 Bc5 30. Bxd5 Qh4 31. Bc6+ Ke7 32. Qf3 Qh2+ 33. Kf1 Qh3+ 34. Qxh3 Rxh3 35. Ke2 Rb3 36. Rd1 Rb2+ 37. Kf3 Rxf2+ 38. Ke4 g5 39. Rd7+ Kf8 40.
Rd8+ Kg7 41. Rd1 g4 42. Be8 g3 43. Rg1 g2 44. Bb5 Rb2 0-1